Cogmind - Beta 12 @@@ ROGUE MODE // 2023.05.23 @ 22:31:05 Player: Decinym Result: Destroyed self with Rocket Launcher Performance ------------- Evolutions (0) 0 Regions Visited (4) 800 Robots Destroyed (28) 140 Value Destroyed (630) 630 Prototype IDs (24) 480 Alien Tech Used (0) 0 Bonus (308) 308 TOTAL SCORE: 2358 Bonus ------- High Alert Combat Kills 8 Aligned with FarCom 300 Cogmind --------- Core Integrity 0/250 Matter 248/300 Energy 250/250 System Corruption 0% Temperature Cool (0) Movement Rolling (130) Ox2 Location -9/Mines Parts ------- > --- POWER (1) -------- Ion Engine > --- PROPULSION (2) --- Light Treads Compact Wheel > --- UTILITY (2) ------ Large Storage Unit Light Armor Plating > --- WEAPON (2) ------- Grenade Launcher Rocket Launcher > --- INVENTORY (15) --- Light Treads Light Treads Light Treads Light Treads Light Treads Heat Sink High-capacity Storage Unit Small Battery (100) Experimental Sensor Array Light Armor Plating Beam Cannon Light Assault Rifle Light Assault Rifle Enhanced Flamer Peak State ------------ > --- POWER ------------ Ion Engine > --- PROPULSION ------- Light Treads Light Treads > --- UTILITY ---------- Large Storage Unit Experimental Sensor Array > --- WEAPON ----------- Beam Rifle Light Assault Rifle > --- INVENTORY -------- Ion Engine Light Ion Engine Light Treads Light Treads Light Treads Light Treads Compact Wheel High-capacity Storage Unit Small Battery Light Armor Plating Light Armor Plating Beam Cannon Light Assault Rifle Grenade Launcher Rocket Launcher [Rating: 17] Favorites ----------- Power Ion Engine Engine Ion Engine Propulsion Light Treads Treads Light Treads Leg Aluminum Leg Wheel Compact Wheel Utility Large Storage Unit Device Heat Sink Storage Large Storage Unit Protection Light Armor Plating Weapon Light Assault Rifle Energy Gun Beam Rifle Ballistic Gun Light Assault Rifle Launcher Rocket Launcher Build | -11 -10 -10 -10 -9 ------- Run | Jun Mat Min Exi Min Slots Evolved . | . . . . . Power . | . . . . . Propulsion . | . . . . . Utility . | . . . . . Weapon . | . . . . . Parts Attached 23 | . 12 8 3 . Power 3 | . 2 1 . . Engine 3 | . 2 1 . . Core . | . . . . . Reactor . | . . . . . Propulsion 7 | . 4 2 1 . Treads 2 | . . 2 . . Leg 4 | . 4 . . . Wheel 1 | . . . 1 . Hover . | . . . . . Flight . | . . . . . Utility 6 | . 2 3 1 . Device 4 | . 1 3 . . Storage 1 | . 1 . . . Processor . | . . . . . Hackware . | . . . . . Protection 1 | . . . 1 . Artifact . | . . . . . Weapon 7 | . 4 2 1 . Energy Gun 1 | . . 1 . . Energy Cannon . | . . . . . Ballistic Gun 2 | . 2 . . . Ballistic Cannon . | . . . . . Launcher 4 | . 2 1 1 . Special Weapon . | . . . . . Impact Weapon . | . . . . . Slashing Weapon . | . . . . . Piercing Weapon . | . . . . . Special Melee Weapon . | . . . . . Unidentified Prototypes 1 | . . 1 . . Parts Lost 2 | . . 2 . . Power . | . . . . . Propulsion 1 | . . 1 . . Utility . | . . . . . Weapon 1 | . . 1 . . Highest Loss Streak 1 | . . 1 . . To Critical Strikes 1 | . . 1 . . Average Slot Usage (%) 94 | . 92 98 86 . Engine 14 | . 14 14 14 . Treads 16 | . . 22 27 . Leg 11 | . 28 5 . . Device 11 | . 6 13 12 . Storage 14 | . 14 14 14 . Energy Gun 6 | . 6 9 . . Ballistic Gun 13 | . 21 15 . . Launcher 4 | . . 1 15 . Naked Turns . | . . . . . Heaviest Build 35 | 11 31 30 35 35 Greatest Support 40 | 20 20 40 40 16 Greatest Overweight (x) 2 | . 1 2 2 2 Average Overweight (x) . | . . . . 2 Largest Inventory Capacity 15 | . 15 15 15 15 Average Capacity 14 | . 14 15 15 15 Most Carried 15 | . 15 15 15 14 Average Carried 13 | . 11 14 14 14 Final Capacity 15 | 8 15 15 15 15 Final Carried 15 | 6 15 15 14 14 Class Distribution -------------------- 75% | Scavenger-Mutant 24% | Mutant Dominant Class ---------------- Mutant | -10/Materials Scavenger-Mutant | -10/Mines Scavenger-Mutant | -10/Exiles Scavenger-Mutant | -9/Mines Resources | -11 -10 -10 -10 -9 ----------- Run | Jun Mat Min Exi Min Matter Collected 575 | 200 227 119 29 . Remotely . | . . . . . Salvage Created 757 | . 513 244 . . Parts 56 | . 43 13 . . Haulers Intercepted 2 | . 2 . . . Recyclers Shooed 1 | . 1 . . . Parts Field Recycled . | . . . . . Retrieved Matter . | . . . . . Parts Self-Destructed . | . . . . . Prevented . | . . . . . Kills | -11 -10 -10 -10 -9 ------- Run | Jun Mat Min Exi Min Combat Hostiles Destroyed 24 | . 16 8 . . Guns 13 | . 8 5 . . AOE 11 | . 8 3 . . Classes Destroyed 7 | . 5 2 . . Builder 1 | . 1 . . . Hauler 2 | . 2 . . . Watcher 2 | . 2 . . . Swarmer 12 | . 9 3 . . Grunt 9 | . 7 2 . . Sentry 2 | . . 2 . . Assembled 1 | . . 1 . . Best Kill Streak 6 | . 6 3 . . Combat Bots Only 5 | . 5 3 . . Max Kills in Single Turn 4 | . 4 2 . . Gunslinging . | . . . . . Exploded 3 | . 3 2 . . Melee . | . . . . . Uniques/NPCs Destroyed . | . . . . . Combat | -11 -10 -10 -10 -9 -------- Run | Jun Mat Min Exi Min Damage Taken 1033 | . 346 683 . 4 Core 251 | . 85 164 . 2 Absorbed by Shields . | . . . . . Core Remaining (%) 100 | 100 . . . . Volleys Fired 79 | . 48 29 1 1 Largest 2 | . 2 2 1 1 Hottest 76 | . 60 76 33 33 Shots Fired 147 | . 90 55 1 1 Gun 136 | . 84 52 . . Cannon . | . . . . . Launcher 11 | . 6 3 1 1 Special . | . . . . . Kinetic 92 | . 57 35 . . Thermal 17 | . . 17 . . Explosive 11 | . 6 3 1 1 Electromagnetic 27 | . 27 . . . Robot Hit Streak 12 | . 7 12 . . Robot Miss Streak 5 | . 5 3 . 3 Penetration Max . | . . . . . Secondary Targets 2 | . 1 1 . . Max Gunslinging Chain 1 | . 1 1 . . Shots Hit Robots 93 | . 56 37 . . Core Hits 48 | . 32 16 . . Critical Kills . | . . . . . Critical Parts Destroyed . | . . . . . Critical Strikes . | . . . . . Melee Attacks . | . . . . . Impact . | . . . . . Slashing . | . . . . . Piercing . | . . . . . Sneak Attacks . | . . . . . Combat Hostiles . | . . . . . Follow-up Attacks . | . . . . . Damage Inflicted 1649 | . 1041 561 . 47 Guns 888 | . 523 365 . . Cannons . | . . . . . Explosions 761 | . 518 196 . 47 Melee . | . . . . . Ramming . | . . . . . Kinetic 551 | . 319 232 . . Thermal 133 | . . 133 . . Explosive 761 | . 518 196 . 47 Electromagnetic 204 | . 204 . . . Impact . | . . . . . Slashing . | . . . . . Piercing . | . . . . . Highest Corruption . | . . . . . Average Corruption . | . . . . . Corruption Purged . | . . . . . Corruption Blocked . | . . . . . Overload Shots . | . . . . . Overflow Damage 27 | . 27 . . . Projectiles . | . . . . . Explosions 27 | . 27 . . . Melee . | . . . . . Knockbacks . | . . . . . Impact . | . . . . . Kinetic . | . . . . . Secondary . | . . . . . Self-Inflicted Damage 56 | . . 48 . 8 Shots 2 | . . 1 . 1 Rammed . | . . . . . Targets Rammed . | . . . . . Kicked . | . . . . . Crushed . | . . . . . Highest Temperature 93 | . 70 93 . . Average Temperature 29 | . 24 39 . . Received Heat Transfer 411 | . 96 315 . . Siege Activations . | . . . . . Robots Corrupted . | . . . . . Combat Hostiles . | . . . . . Parts Fried . | . . . . . Impact Corruptions . | . . . . . Robots Melted . | . . . . . Combat Hostiles . | . . . . . Parts Melted . | . . . . . Heat Transferred 333 | . . 333 . . Parts Sabotaged . | . . . . . Parts Stolen . | . . . . . Parts Stripped . | . . . . . Power Chain Reactions . | . . . . . Missiles Intercepted . | . . . . . Alert | -11 -10 -10 -10 -9 ------- Run | Jun Mat Min Exi Min Peak Influence 431 | . 431 213 . . Initial 168 | . . 168 . . Average 144 | . 227 89 . . Maximum Alert Level 2 | . 2 1 . . Low Security (%) 68 | . 46 83 . 100 Level 1 26 | . 40 16 . . Level 2 4 | . 12 . . . Level 3 . | . . . . . Level 4 . | . . . . . Level 5 . | . . . . . High Security . | . . . . . Max Security . | . . . . . Squads Dispatched 3 | . 3 . . . Investigation . | . . . . . Extermination . | . . . . . Reinforcement 3 | . 3 . . . Assault . | . . . . . Garrison . | . . . . . Intercept . | . . . . . Searches Triggered . | . . . . . Construction Impeded . | . . . . . Haulers Reinforced . | . . . . . Active Scanning Responses . | . . . . . Cargo Convoy Interrupts . | . . . . . Stealth | -11 -10 -10 -10 -9 --------- Run | Jun Mat Min Exi Min Distress Signals 2 | . 2 . . . Communications Jammed . | . . . . . Distress Signals . | . . . . . Times Spotted 34 | . 23 8 . 3 Peak Tracking Total 9 | . 4 3 9 3 Tactical Retreats . | . . . . . Traps | -11 -10 -10 -10 -9 ------- Run | Jun Mat Min Exi Min Traps Triggered 1 | . 1 . . . Indirectly . | . . . . . Trap Hack Attempts . | . . . . . Triggered . | . . . . . Disarmed . | . . . . . Reprogrammed . | . . . . . Reused . | . . . . . Traps Extracted . | . . . . . Installed . | . . . . . Triggered . | . . . . . Machines | -11 -10 -10 -10 -9 ---------- Run | Jun Mat Min Exi Min Machines Disabled 7 | . 5 . 1 1 Max in Single Turn 1 | . 1 . 1 1 Machines Repaired . | . . . . . Machines Sabotaged . | . . . . . Overloaded Fab Kills . | . . . . . Hacking | -11 -10 -10 -10 -9 --------- Run | Jun Mat Min Exi Min Machines Accessed 4 | . 2 . 2 . Terminals 2 | . 2 . . . Fabricators . | . . . . . Repair Stations . | . . . . . Recycling Units . | . . . . . Scanalyzers . | . . . . . Garrison Access . | . . . . . Total Hacks 5 | . 3 . 2 . Successful 2 | . . . 2 . Failed 3 | . 3 . . . Catastrophic 1 | . 1 . . . Database Lockouts . | . . . . . Manual 2 | . 1 . 1 . Terminals 3 | . 3 . . . Fabricators . | . . . . . Repair Stations . | . . . . . Recycling Units . | . . . . . Scanalyzers . | . . . . . Garrison Access . | . . . . . Terminal Hacks 2 | . . . 2 . Record 1 | . . . 1 . EX-Prototype ID Bank 1 | . . . 1 . Fabricator Hacks . | . . . . . Repair Station Hacks . | . . . . . Recycling Unit Hacks . | . . . . . Scanalyzer . | . . . . . Garrison Access Hacks . | . . . . . Unauthorized Hacks . | . . . . . Terminals . | . . . . . Fabricators . | . . . . . Repair Stations . | . . . . . Recycling Units . | . . . . . Scanalyzers . | . . . . . Garrison Access . | . . . . . Data Cores Recovered . | . . . . . Used . | . . . . . Hacking Detections 2 | . 2 . . . Full Trace Events . | . . . . . Feedback Events . | . . . . . Feedback Blocked . | . . . . . Robot Schematics Acquired . | . . . . . Robots Built . | . . . . . Authchips . | . . . . . Time . | . . . . . Total Robot Build Rating . | . . . . . Part Schematics Acquired . | . . . . . Parts Built . | . . . . . Authchips . | . . . . . Time . | . . . . . Total Part Build Rating . | . . . . . Parts Repaired . | . . . . . Time . | . . . . . Parts Recycled . | . . . . . Recycled Matter . | . . . . . Retrieved Matter . | . . . . . Retrieved Components . | . . . . . Parts Scanalyzed . | . . . . . Part Schematics Acquired . | . . . . . Parts Damaged . | . . . . . Bothacking | -11 -10 -10 -10 -9 ------------ Run | Jun Mat Min Exi Min Used RIF Installer . | . . . . . Robots Hacked . | . . . . . Non-combat . | . . . . . Combat . | . . . . . Robot Hacks Applied . | . . . . . Relay Couplers Released . | . . . . . Fabnet Peak Effective % . | . . . . . Robots Rewired . | . . . . . Allies Hacked . | . . . . . Hacks Repelled . | . . . . . Allies | -11 -10 -10 -10 -9 -------- Run | Jun Mat Min Exi Min Total Allies . | . . . . . Largest Group . | . . . . . Highest-Rated Group . | . . . . . Highest-Rated Ally . | . . . . . Total Orders . | . . . . . Ally Attacks . | . . . . . Total Damage . | . . . . . Kills . | . . . . . Allies Corrupted . | . . . . . Allies Melted . | . . . . . Intel | -11 -10 -10 -10 -9 ------- Run | Jun Mat Min Exi Min Robot Analysis Total . | . . . . . Derelict Logs Recovered 1 | . . 1 . . Drone Launches . | . . . . . Drone Recoveries . | . . . . . Exploration | -11 -10 -10 -10 -9 ------------- Run | Jun Mat Min Exi Min Turns Passed 2488 | . 781 1176 529 2 Spaces Moved 1331 | 1 363 636 330 1 Core . | . . . . . Treads 845 | . . 537 308 . Legs 463 | 1 363 99 . . Wheels 23 | . . . 22 1 Hover . | . . . . . Flight . | . . . . . Fastest Speed 120 | 120 120 160 130 130 Average Speed 165 | 120 173 165 158 130 Slowest Speed 260 | 120 190 260 160 130 Overloaded Moves . | . . . . . Propulsion Burnouts . | . . . . . Robots Hopped . | . . . . . Cave-ins Triggered . | . . . . . Exploration Rate (%) 49 | 2 83 88 70 5 Regions Visited 4 Branch Regions 3 Pre-discovered Areas 1 | . . . 1 . Known Exits Taken . | . . . . . Unknown Exits Taken 4 | 1 1 1 1 . Scrap Searched 1 | . . 1 . . Spaces Dug . | . . . . . Terrain Destroyed 83 | . 42 31 4 6 Melee . | . . . . . Projectile . | . . . . . AOE 83 | . 42 31 4 6 Terrain Rammed . | . . . . . Walls Destroyed . | . . . . . Machines Disabled . | . . . . . Actions | -11 -10 -10 -10 -9 --------- Run | Jun Mat Min Exi Min Total 1490 | . 435 718 335 2 Wait 32 | . 1 29 2 . Move 1327 | . 362 635 329 1 Hop . | . . . . . Pick Up 13 | . 7 6 . . Fast Attach 7 | . 2 5 . . Attach 2 | . . 1 1 . Detach . | . . . . . Swap 14 | . 10 2 2 . Drop 16 | . 5 11 . . Fire 79 | . 48 29 1 1 Melee . | . . . . . Ram . | . . . . . Kick . | . . . . . Crush . | . . . . . Escape Stasis . | . . . . . Rewire . | . . . . . Trap . | . . . . . Miscellaneous . | . . . . . Route ------- -11/Junkyard -10/Materials (discovered 4 exits: [*Mat x3] / [*Min]) -10/Mines (discovered 3 exits: [*Mat x2] / *Exi) -10/Exiles -9/Mines History --------- Turn | Location | Event 1 | -11/Junkyard | Discovered new exit (range 0) 1 | -11/Junkyard | Entered Materials 87 | -10/Materials | Discovered new exit (range 11) 310 | -10/Materials | Build established: Mutant 350 | -10/Materials | Discovered new exit (range 16) 545 | -10/Materials | Discovered new exit (range 16) 628 | -10/Materials | Discovered new exit (range 12) 782 | -10/Materials | Entered Mines 820 | -10/Mines | Learned Materials trap positions 826 | -10/Mines | Discovered new exit (range 10) 828 | -10/Mines | Received a Rocket Launcher from a helpful Derelict 834 | -10/Mines | Build established: Scavenger-Mutant 980 | -10/Mines | Core integrity fell below 50% 1254 | -10/Mines | Found a damaged Exp. Sensor Array with a note attached 1258 | -10/Mines | Found Prototype Device 1258 | -10/Mines | Identified Exp. Sensor Array 1339 | -10/Mines | Deemed a non-threat by the Exiles lab entrance 1454 | -10/Mines | Assembled infested the area 1530 | -10/Mines | Met 8R-AWN 1594 | -10/Mines | Discovered new exit (range 14) 1648 | -10/Mines | A weapon hastily lodged in a ceiling crevice suddenly fell to the ground 1698 | -10/Mines | Core integrity fell below 20% 1951 | -10/Mines | Discovered new exit (range 5) 1958 | -10/Mines | Entered Exiles 2002 | -10/Exiles | Welcomed by 8R-AWN 2021 | -10/Exiles | Met EX-HEX 2067 | -10/Exiles | Met EX-BIN 2086 | -10/Exiles | Aligned with FarCom system 2088 | -10/Exiles | Given EX-Vault access code 2134 | -10/Exiles | Opened EX-Vault 2170 | -10/Exiles | Warned to stay clear of 0b10 Research branches 2224 | -10/Exiles | Met EX-DEC 2232 | -10/Exiles | Learned location of Zion (-7) 2397 | -10/Exiles | Discovered new exit (range 14) 2458 | -10/Exiles | Attacked by the Exiles 2487 | -10/Exiles | Entered Mines 2489 | -9/Mines | Destroyed self with Rocket Launcher Last Messages --------------- network. EX-BIN: And don't even think about spreading that code around. We're gonna change it right after you leave. Most certainly not to something like 1234 which I did last time as a little joke and some thief managed to sneak in here and steal a few of HEX's prototypes. EX-DEC: Ah I see we have a visitor. One wrong move in here and I'll invert your atomic chain! 02226_ EX-DEC: "Oops, I hope HEX didn't hear that..." 02232_ Connecting with EX-Message Board... >>Record "MSG001714-01*" PINNED - TO ALL TESTERS: Stay away from Zion. Imprinter means us harm and is serious about it. World map updated: -7/Zion. 02307_ Extracted 29 matter. 02397_ EXIT=FOUND 02458_ EXILES: Hostile robot within lab perimeter. Defensive protocols time, folks! LOCATION=UNKNOWN GOAL=ESCAPE 02489_ Core Extractor disabled. Map ----- +----------------------------------------------------+ | | | | | | | | | | | | | | | | | | | | | | | | | | | | | | | | | ??????????????????????????????? | | ??????????????????????????????? | | ??????????????????????????????? | | ??????????????????????????????? | | ??????????????????????????????? | | ??????????????????????????????? | | ???????????? ?????????????????? | | ???????????# #############? | | ???????????# #? | | ???????????# @ #? | | ?????????????????##### #? | | ?????????????????????# #? | | ?????????????????????# #? | | ?????????????????????# #? | | ?????????????????????# g #? | | ?????????????????????# " #? | | ?????????????????????## bg #? | | ??????????????????????# #? | | ??????????????????????########? | | ??????????????????????????????? | | ??????????????????????????????? | | ??????????????????????????????? | | ??????????????????????????????? | | ??????????????????????????????? | | ??????????????????????????????? | | ??????????????????????????????? | | ??????????????????????????????? | | ??????????????????????????????? | | ??????????????????????????????? | | ??????????????????????????????? | | ??????????????????????????????? | | ??????????????????????????????? | | ??????????????????????????????? | | ??????????????????????????????? | +----------------------------------------------------+ Best States ------------- Heat Dissipation 35 Energy Generation 10 Energy Capacity 250 Matter Stores 300 Matter Capacity 300 Sight Range 16 Terrain Scan Density 10 Armor Coverage 150 Evasion (%) 55 Recoil Reduction 2 Item Schematics ----------------- None Robot Schematics ------------------ None Fabricated ------------ Nothing Alien Tech Used ----------------- None Achievements -------------- None Challenges ------------ None Game ------ Seed GrenadeTrapTreads Manual? 0 Play Time 00:09:32 Cumulative 336.0 hours Start 2023.05.23 @ 22:21:25 End 2023.05.23 @ 22:31:05 Sessions 1 Manual Loads 0 Difficulty Rogue Special Mode None Game No. 359 Rogue 359 Adventurer 0 Explorer 0 Win Type - Total 28 Types 16/3/3/1/2/0/3/0/0 Lore% 86 Gallery% 87 Achievement% 82 Wizard Run 0 Options --------- ASCII 0 Keyboard 0 Movement Arrows Keybinds 0 Fullscreen 2 Font 24/Smallcaps Map View 76x50 Tactical HUD 1 Map Filters NONE Filters NONE Steam 1 RUN: 507221d9-3737-41c6-8a50-d9e2e102e89d